 Dungeon Crawl Stone Soup version 0.29.1-15-g9cfb28693d (webtiles) character file.

Game seed: 9734376574445035279

1811 Andrea the Thaumaturge (level 9, -13/65 HPs)
             Began as a Gnoll Hedge Wizard on Mar 13, 2023.
             Was a Follower of Cheibriados.
             Mangled by a yak (16 damage)
             ... on level 5 of the Dungeon.
             The game lasted 00:12:28 (6179 turns).

Andrea the Thaumaturge (Gnoll Hedge Wizard)         Turns: 6179, Time: 00:12:29

Health: -13/65     AC:  3    Str: 15    XL:     9   Next: 10%
Magic:  0/21       EV: 14    Int: 20    God:    Cheibriados [*.....]
Gold:   73         SH:  0    Dex: 14    Spells: 12/24 levels left

rFire   . . .      SeeInvis .   B - +10 dagger of the Badger {pain, Drain rPois rCorr Int+4}
rCold   . . .      Faith    .   (no shield)
rNeg    . . .      Spirit   .   b - +0 robe
rPois   +          Reflect  .   c - +0 hat
rElec   .          Harm     .   (no cloak)
rCorr   +          Rampage  .   s - +0 pair of gloves
Will    .....                   (no boots)
Stlth   +++.......              (no amulet)
HPRegen 0.20/turn               e - ring of poison resistance
MPRegen 0.17/turn               (no ring)

@: very slow
A: fangs 1, strong nose, distributed training
a: Renounce Religion, Bend Time


You were on level 5 of the Dungeon.
You worshipped Cheibriados.
Cheibriados was aware of your devotion.
You visited 2 branches of the dungeon, and saw 6 of its levels.

You collected 208 gold pieces.
You spent 135 gold pieces at shops.

Inventory:

Hand Weapons
 h - a +1 spear of pain
 n - a +2 dagger of flaming
 B - the +10 dagger of the Badger (weapon) {pain, Drain rPois rCorr Int+4}
   (You took it off a gnoll on level 5 of the Dungeon)

   In the hands of one skilled in necromantic magic, it inflicts extra damage on
   living creatures.
   Int:       It affects your intelligence (+4).
   rPois:     It protects you from poison.
   rCorr:     It protects you from acid and corrosion.
   Drain:     It drains your maximum health when unequipped.
Missiles
 w - 4 poisoned darts
Armour
 b - a +0 robe (worn)
 c - a +0 hat (worn)
 s - a +0 pair of gloves (worn)
Magical Staves
 q - a staff of fire
Jewellery
 e - a ring of poison resistance (left hand)
Wands
 m - a wand of roots (9)
 r - a wand of flame (24)
 y - a wand of polymorph (4)
Scrolls
 f - 3 scrolls of amnesia {unknown}
 g - a scroll of silence {unknown}
 l - 2 scrolls of enchant weapon {unknown}
 o - 3 scrolls of teleportation
 p - 2 scrolls of immolation
 v - 2 scrolls of fear {unknown}
 x - 2 scrolls of enchant armour {unknown}
 A - a scroll of poison {unknown}
 C - 2 scrolls of identify
Potions
 a - 6 potions of curing
 d - a potion of magic
 i - 2 potions of heal wounds
 j - 2 potions of flight
 k - 2 potions of haste
 t - a potion of degeneration {unknown}
 u - 3 potions of cancellation
 z - a potion of resistance {unknown}


   Skills:
 + Level 4.0 Fighting
 + Level 4.0 Short Blades
 + Level 4.0 Long Blades
 + Level 4.0 Axes
 + Level 4.0 Maces & Flails
 + Level 4.0 Polearms
 + Level 4.0 Staves
 + Level 4.0 Ranged Weapons
 + Level 4.0 Throwing
 + Level 4.0 Armour
 + Level 6.2 Dodging
 + Level 5.9 Stealth
 + Level 4.0 Shields
 + Level 4.0 Unarmed Combat
 + Level 8.3 Spellcasting
 + Level 4.0 Conjurations
 + Level 3.3 Hexes
 + Level 4.0 Summonings
 + Level 3.3 Necromancy
 + Level 4.0 Translocations
 + Level 3.3 Transmutations
 + Level 3.3 Fire Magic
 + Level 3.3 Ice Magic
 + Level 3.3 Air Magic
 + Level 3.3 Earth Magic
 + Level 3.3 Poison Magic
 + Level 4.4 Invocations
 + Level 4.0 Evocations


You had 12 spell levels left.
You knew the following spells:

 Your Spells              Type           Power      Damage    Failure   Level
a - Magic Dart            Conj           96%        1d7       1%          1
b - Call Imp              Summ           24%        N/A       2%          2
c - Mephitic Cloud        Conj/Pois/Air  22%        N/A       6%          3
d - Conjure Flame         Conj/Fire      23%        6-21      5%          3
e - Blink                 Tloc           48%        N/A       2%          2
f - Slow                  Hex            84%        N/A       1%          1

Your spell library contained the following spells:

 Spells                   Type           Power      Damage    Failure   Level
 Necrotise                Necr           84%        1d8       1%          1
 Ensorcelled Hibernation  Hex/Ice        42%        N/A       3%          2
 Passwall                 Tmut/Erth      17%        N/A       3%          2
 Swiftness                Air            21%        N/A       6%          3
 Vampiric Draining        Necr           21%        2d7       6%          3
 Agony                    Necr           21%        N/A       50%         5


Dungeon Overview and Level Annotations

Branches:
Dungeon (5/15)             Temple (1/1) D:4

Altars:
Ashenzari
Cheibriados
Elyvilon
Fedhas
Hepliaklqana
Nemelex Xobeh
Qazlal
Ru
Uskayaw
Vehumet
Zin

Shops:
D:3 (   D:4 (***=   D:5 *!?[


Innate Abilities, Weirdness & Mutations

You have very sharp teeth.
Your uncanny sense of smell can sniff out nearby items.
Your experience applies equally to all skills.


Message History

Orders for allies: a - Attack new target. r - Retreat! s - Stop attacking. g - Guard the area. f - Follow me.
Anything else - Cancel.
Gang up on whom?
Press: ? - help, Dir - move target, f - yak
Aim: a yak (lightly wounded, confused, ally target) Attack!
The yak gores your crimson imp!
Your crimson imp hits the yak but does no damage.
Your crimson imp hits the yak but does no damage.
Your crimson imp hits the yak but does no damage.
Your crimson imp hits the yak.
Casting: Call Imp (safe; 2% risk of failure)
Confirm with . or Enter, or press ? or * to list all spells.
You don't have enough magic to cast this spell.
The yak seems less confused.
Casting: Call Imp (safe; 2% risk of failure)
Confirm with . or Enter, or press ? or * to list all spells.
Aiming: Mephitic Cloud (dangerous; 6% risk of failure)
Press: ? - help, Shift-Dir - straight line, f/p - yak
Aim: a yak (lightly wounded, ally target, chance to affect: 67%)
The ball explodes into a vile cloud!
The stinking cloud engulfs the yak but does no damage.
The yak is lightly wounded.
The stinking cloud engulfs your crimson imp but does no damage.
The yak is engulfed in noxious fumes.
The yak appears confused.
Your crimson imp hits the yak but does no damage.
The yak is engulfed in noxious fumes.
The yak appears confused.
You hit the yak but do no damage.
The yak writhes in agony.
The yak is lightly wounded.
The yak is engulfed in noxious fumes.
The yak appears confused.
The yak gores you!
* * * LOW HITPOINT WARNING * * *
Your crimson imp hits the yak but does no damage.
You puncture the yak!
The yak is moderately wounded.
The yak is engulfed in noxious fumes.
The yak appears confused.
The yak gores you!
You die...

#..# ##.## ##.##
#..## #..# ##..#
###).# #..## ##
####....#### ##..#
.####.......#..###
#..##
.......###..#..°°##
##..# ##...###
#..#...5Y# #..##
##...### ##.....@○#
##..## #......##
#..#..†.# #...#
........####..#..†#
##)..
.........####..#..#
#... ..........#
#..##.# #...
........>.####.Y###
#....
...........###Y..
#.....
............###YY#
#......
............## #..
#......


You could see a yak (confused, ally target) and a friendly crimson imp
(summoned).

Vanquished Creatures
  Sigmund (D:3)
  A wyvern (D:5)
  5 yaks (D:5)
  2 ogres
  A phantom (D:5)
  A necrophage (D:4)
  2 howler monkeys (D:5)
  A gnoll bouda (D:5)
  2 orc priests
  An iguana (D:4)
  Natasha (thrice) (D:2)
  3 orc wizards (D:3)
  4 gnolls (D:5)
  5 adders
  An ufetubus (D:5)
  A worm (D:1)
  2 dart slugs
  7 orcs
  6 endoplasms
  A giant cockroach (D:1)
  2 goblins
  2 hobgoblins
  5 jackals
  8 kobolds
  4 quokkas
  5 ball pythons
  11 bats
  3 frilled lizards (D:2)
  2 rats
92 creatures vanquished.

Vanquished Creatures (others)
  3 plants
3 creatures vanquished.

Grand Total: 95 creatures vanquished

Notes
Turn   | Place    | Note
-------+----------+-------------------------------------------
     0 | D:1      | Andrea the Gnoll Hedge Wizard began the quest for the Orb.
     0 | D:1      | Reached XP level 1. HP: 13/13 MP: 8/8
   326 | D:1      | Reached XP level 2. HP: 19/19 MP: 0/10
  1459 | D:2      | Reached XP level 3. HP: 25/25 MP: 8/11
  1462 | D:2      | Reached skill level 1 in Invocations
  1592 | D:2      | Noticed Natasha
  1601 | D:2      | Killed Natasha
  1602 | D:2      | Reached skill level 1 in Fighting
  1602 | D:2      | Reached skill level 1 in Short Blades
  1602 | D:2      | Reached skill level 1 in Long Blades
  1602 | D:2      | Reached skill level 1 in Axes
  1602 | D:2      | Reached skill level 1 in Maces & Flails
  1602 | D:2      | Reached skill level 1 in Polearms
  1602 | D:2      | Reached skill level 1 in Staves
  1602 | D:2      | Reached skill level 1 in Ranged Weapons
  1602 | D:2      | Reached skill level 1 in Throwing
  1602 | D:2      | Reached skill level 1 in Armour
  1602 | D:2      | Reached skill level 1 in Shields
  1602 | D:2      | Reached skill level 1 in Unarmed Combat
  1602 | D:2      | Reached skill level 1 in Evocations
  1602 | D:2      | Reached XP level 4. HP: 13/32 MP: 3/13
  1681 | D:2      | Learned a level 2 spell: Call Imp
  1685 | D:2      | Learned a level 3 spell: Mephitic Cloud
  1689 | D:2      | Learned a level 3 spell: Conjure Flame
  1792 | D:2      | Learned a level 2 spell: Blink
  1794 | D:2      | Learned a level 1 spell: Slow
  1834 | D:2      | Noticed Natasha
  1849 | D:2      | Killed Natasha
  1850 | D:2      | Reached skill level 1 in Hexes
  1850 | D:2      | Reached skill level 1 in Necromancy
  1850 | D:2      | Reached skill level 1 in Transmutations
  1850 | D:2      | Reached skill level 1 in Fire Magic
  1850 | D:2      | Reached skill level 1 in Ice Magic
  1850 | D:2      | Reached skill level 1 in Air Magic
  1850 | D:2      | Reached skill level 1 in Earth Magic
  1850 | D:2      | Reached skill level 1 in Poison Magic
  2171 | D:2      | Noticed Natasha
  2184 | D:2      | Killed Natasha
  2185 | D:2      | Reached XP level 5. HP: 22/37 MP: 7/14
  2837 | D:3      | Found a faded altar of an unknown god.
  3041 | D:3      | Found a stormy altar of Qazlal.
  3042 | D:3      | Noticed Sigmund
  3062 | D:3      | Killed Sigmund
  3063 | D:3      | Reached skill level 5 in Dodging
  3063 | D:3      | Reached XP level 6. HP: 33/44 MP: 11/16
  3150 | D:3      | Found Icoufobo's Antique Weapon Boutique.
  3744 | D:3      | Found a hide-covered altar of Uskayaw.
  3744 | D:3      | Found a sparkling altar of Nemelex Xobeh.
  3752 | D:3      | Found a hazy altar of Hepliaklqana.
  3754 | D:3      | Found a broken altar of Ashenzari.
  3756 | D:3      | Found a glowing silver altar of Zin.
  3991 | D:4      | Reached XP level 7. HP: 51/51 MP: 12/18
  4107 | D:4      | Found Tiups's Assorted Antiques.
  4118 | D:4      | Bought a scroll labelled OCUEDITWAI for 27 gold pieces
  4118 | D:4      | Bought a pink potion for 24 gold pieces
  4118 | D:4      | Bought a sapphire potion for 24 gold pieces
  4118 | D:4      | Bought a scroll labelled SIEMEA PUKYTHRE for 27 gold pieces
  4172 | D:4      | Found Biuruq's Weapon Boutique.
  4257 | D:4      | Found a staircase to the Ecumenical Temple.
  4326 | Temple   | Entered the Ecumenical Temple
  4334 | Temple   | Became a worshipper of Cheibriados the Contemplative
  4372 | D:4      | Found Qucwaona's Jewellery Shop.
  4575 | D:4      | Found Xala's Assorted Antiques.
  4643 | D:4      | Found Cisiob Pisk's Assorted Antiques.
  4917 | D:5      | Entered Level 5 of the Dungeon
  4929 | D:5      | Reached skill level 5 in Stealth
  5055 | D:5      | Found Rulaky's Magic Scroll Shoppe.
  5058 | D:5      | Bought a scroll of teleportation for 33 gold pieces
  5262 | D:5      | Reached XP level 8. HP: 25/58 MP: 9/19
  5529 | D:5      | Identified the +10 dagger of the Badger {pain, Drain rPois
                  | rCorr Int+4}
  5627 | D:5      | Found Tymeina's Antique Armour Shoppe.
  5731 | D:5      | Noticed a wyvern
  5736 | D:5      | Found Binoaq's Distillery.
  5749 | D:5      | Killed a wyvern
  5845 | D:5      | Found Ywudusus's Assorted Antiques.
  6137 | D:5      | Noticed a yak
  6138 | D:5      | Noticed a yak
  6138 | D:5      | Noticed a yak
  6138 | D:5      | Noticed a yak
  6138 | D:5      | Noticed a yak
  6138 | D:5      | Noticed a yak
  6144 | D:5      | Killed a yak
  6144 | D:5      | Reached * piety under Cheibriados
  6145 | D:5      | Reached skill level 8 in Spellcasting
  6153 | D:5      | Killed a yak
  6156 | D:5      | Killed a yak
  6161 | D:5      | Killed a yak
  6162 | D:5      | Reached XP level 9. HP: 13/65 MP: 5/21
  6178 | D:5      | HP: 3/65 [yak (13)]
  6179 | D:5      | Mangled by a yak

Illustrated notes

Levels and vault maps discovered:
D:1:      dpeg_arrival_leaves_temple_mockup, layout_loops_corners,
          nicolae_wormholes
D:2:      layout_rooms, minmay_splitting_lines, st_stairs_7, uniq_natasha
D:3:      layout_loops_ring, nicolae_qazlal_scattered_showers,
          chequers_temple_overflow_minitemple, serial_shops, shop,
          hellmonk_ecumenical_altar_blasted, chequers_serial_rivers_small_a,
          chequers_decorated_corner, uniq_sigmund
D:4:      layout_loops_ring, minmay_temple_entry_gardened_gates, serial_shops,
          shop, nicolae_shop_waterfront, shop, nicolae_stop_n_shop_1,
          nicolae_shop_trees
D:5:      layout_cave_pods, serial_shops, shop_fountains, kennysheep_mini,
          nicolae_shop_overgrown_old_shop,
          nicolae_shop_competitors_out_of_business
Temple:   compressed_dpeg_circular_temple

Skill      XL: |  1  2  3  4  5  6  7  8  9 |
---------------+----------------------------+-----
Conjurations   | 2 3 4 |  4.0
Summonings     | 2 3 4 |  4.0
Translocations | 2 3 4 |  4.0
Invocations    | 1 2 3 4 |  4.4
Fighting       | 1 2 3 4 |  4.0
Short Blades   | 1 2 3 4 |  4.0
Long Blades    | 1 2 3 4 |  4.0
Axes           | 1 2 3 4 |  4.0
Maces & Flails | 1 2 3 4 |  4.0
Polearms       | 1 2 3 4 |  4.0
Staves         | 1 2 3 4 |  4.0
Ranged Weapons | 1 2 3 4 |  4.0
Throwing       | 1 2 3 4 |  4.0
Armour         | 1 2 3 4 |  4.0
Shields        | 1 2 3 4 |  4.0
Unarmed Combat | 1 2 3 4 |  4.0
Evocations     | 1 2 3 4 |  4.0
Hexes          | 1 2 3 |  3.3
Necromancy     | 1 2 3 |  3.3
Transmutations | 1 2 3 |  3.3
Fire Magic     | 1 2 3 |  3.3
Ice Magic      | 1 2 3 |  3.3
Air Magic      | 1 2 3 |  3.3
Earth Magic    | 1 2 3 |  3.3
Poison Magic   | 1 2 3 |  3.3
Dodging        | 5 6 |  6.2
Stealth        | 5 |  5.9
Spellcasting   | 8 |  8.3

Action                   |  1- 3 |  4- 6 |  7- 9 || total
-------------------------+-------+-------+-------++-------
Melee: Spear             |    20 |    65 |    51 ||   136
       Bite              |     1 |    10 |     4 ||    15
       Punch             |       |     3 |     1 ||     4
       Dagger            |       |       |    30 ||    30
 Cast: Magic Dart        |    69 |    83 |    74 ||   226
       Mephitic Cloud    |       |     9 |    18 ||    27
       Conjure Flame     |       |       |     2 ||     2
       Blink             |       |       |     2 ||     2
       Call Imp          |       |       |     2 ||     2
       Slow              |       |       |     1 ||     1
  Use: Scroll            |       |       |     4 ||     4
 Stab: Confused          |       |    10 |     9 ||    19
       Sleeping          |       |     1 |       ||     1
Armor: Robe              |     4 |     7 |     5 ||    16
Dodge: Dodged            |    16 |    30 |    36 ||    82
